Map: At Eternity's Edge LE

Players

lorimbo

  • Race: Zerg Zerg
  • League: Grandmaster
  • Spawn Location: 11:00

Elazer - Winner!

  • Race: Zerg Zerg
  • League: Master
  • Spawn Location: 5:00

VOD

Have the link to the VOD?

Description

Time

  • Played on: July 3, 2026, 12:18 p.m.
  • Length: 6:20
Show
View Real Time Build Order
Export as new Build Order

lorimbo Zerg 

Build Orders: Pool First 

Get SALT Encoding   

  8  0:00  Drone  
  9  0:11  Drone  
  10  0:16  Drone  
  11  0:22  Drone  
  12  0:31  Extractor  
  12  0:32  Drone  
  13  0:55  Extractor  
  12  1:04  Spawning Pool  
  11  1:16  Hatchery  
  10  1:26  Overlord  
  10  1:51  Zergling x4  
  12  1:57  Metabolic Boost  
  12  2:01  Zergling x2  
  12  2:06  Zergling x2  
  14  2:18  Zergling x2  
  15  2:30  Zergling x4  
  15  2:35  Zergling x2  
  18  2:41  Zergling x4  
  20  2:50  Zergling x2  
  21  2:54  Zergling x2  
  22  3:00  Zergling x2  
  22  3:03  Zergling x2  
  24  3:10  Overlord  
  24  3:14  Extractor  
  24  3:15  Zergling x2  
  25  3:37  Zergling x8  
  27  3:44  Zergling x2  
  27  3:45  Zergling x2  
  26  3:53  Zergling x4  
  22  3:58  Zergling x2  
  22  4:02  Zergling x2  
  23  4:08  Zergling x2  
  24  4:17  Zergling x2  
  24  4:23  Zergling x2  
  22  4:31  Zergling x4  
  22  4:38  Zergling x4  
  20  4:45  Zergling x2  
  21  4:52  Zergling x2  
  22  4:53  Zergling x2  
  22  4:59  Zergling x2  
  24  5:04  Zergling x2  
  25  5:13  Zergling x4  
  28  5:21  Zergling x2  
  28  5:26  Zergling x2  
  29  5:31  Zergling x2  
  29  5:36  Zergling x2  
  30  5:43  Overlord  
  30  5:48  Zergling x2  
Show
View Real Time Build Order
Export as new Build Order

Elazer Zerg - Winner!

Build Orders: Hatch First 

Get SALT Encoding   

  8  0:00  Drone  
  9  0:10  Drone  
  10  0:16  Drone  
  11  0:22  Drone  
  12  0:32  Overlord  
  12  0:36  Extractor  
  12  0:38  Drone  
  13  0:50  Drone x2  
  15  1:10  Hatchery  
  14  1:13  Drone  
  14  1:17  Drone  
  16  1:21  Drone  
  17  1:35  Spawning Pool  
  17  1:37  Drone  
  17  1:41  Drone  
  17  1:45  Extractor  
  17  1:50  Drone  
  18  2:00  Drone  
  19  2:10  Overlord  
  19  2:21  Queen x2  
  23  2:27  Drone  
  23  2:29  Drone x2  
  26  2:34  Drone  
  27  2:41  Overlord  
  27  2:44  Drone  
  28  2:49  Drone  
  29  2:51  Drone  
  29  2:57  Queen  
  32  3:00  Drone  
  32  3:01  Drone  
  34  3:12  Drone  
  35  3:17  Zergling x2  
  36  3:24  Zergling x4, Spine Crawler  
  36  3:26  Queen  
  38  3:29  Zergling x4  
  39  3:38  Zergling x2  
  39  3:39  Zergling x2  
  29  3:49  Zergling x2  
  29  3:53  Zergling x2  
  26  4:09  Zergling x4  
  28  4:14  Zergling x4  
  30  4:23  Zergling x2  
  31  4:28  Zergling x6  
  32  4:38  Metabolic Boost  
  27  4:49  Drone  
  27  4:50  Baneling Nest  
  27  4:54  Zergling x4  
  27  4:56  Zergling x2  
  30  5:03  Drone  
  30  5:04  Drone  
  32  5:11  Zergling x2  
  33  5:24  Zergling x8  
  36  5:36  Zergling x4  
  36  5:37  Baneling x2  
  38  5:43  Baneling  
  38  5:46  Zergling x2  
  38  5:47  Zergling x2  
  32  5:56  Zergling x4  
Tags
 
Add a new tag
Caveats
  • Supply blocks, unpowered buildings, or Contaminate may cause inaccurate times.
  • Supply counts are checked every 10 seconds.